WCHLSIM.com - West Coast Hockey League
html PUBLIC "-//W3C//DTD XHTML 1.0 Transitional//EN" "http://www.w3.org/TR/xhtml1/DTD/xhtml1-transitional.dtd"> WCHL - Game 272 - OAKLAND GORILLAS vs WINNIPEG BEAVERS

OAKLAND GORILLAS vs WINNIPEG BEAVERS

Created - 14 novembre 2019 at 17:55

Goals
1 2 3 T
OAKLAND GORILLAS 3 0 3 6
WINNIPEG BEAVERS 2 0 2 4
Shots
1 2 3 T
OAKLAND GORILLAS 13 7 8 28
WINNIPEG BEAVERS 19 14 12 45

1st period

1. OAKLAND GORILLAS , Milan Lucic 2 (Samuel Girard 3, Noel Acciari 2) at 2:11
2. WINNIPEG BEAVERS , David Backes 3 (Brandon Tanev 3, Matt Cullen 2) at 11:12
3. WINNIPEG BEAVERS , Justin Braun 1 (Reyley Smith 14, Brad Marchand 14) at 17:46 (PP)
4. OAKLAND GORILLAS , Brandon Dubinsky 4 (Samuel Girard 4, J.T. Compher 10) at 18:45
5. OAKLAND GORILLAS , Wayne Simmonds 4 (Noel Acciari 3, Jonas Brodin 6) at 18:53

Penalties :
John Moore (OAK) for Interference (Minor) at 5:30, Brandon Dubinsky (OAK) for High sticking (Minor) at 13:48, Nico Hischier (OAK) for Hooking (Minor) at 17:36, John Moore (OAK) for Interference (Minor) at 19:41

2nd period

No Goal

Penalties :
Jakob Chychrun (OAK) for Tripping (Minor) at 5:57

3rd period

6. OAKLAND GORILLAS , Jimmy Vesey 7 (J.T. Compher 11, Brandon Dubinsky 4) at 0:32
7. WINNIPEG BEAVERS , Brad Marchand 9 (David Krejci 13, Trevor Daley 1) at 2:30
8. WINNIPEG BEAVERS , Brad Marchand 10 (Gustav Nyquist 12, David Krejci 14) at 16:44
9. OAKLAND GORILLAS , J.T. Compher 3 (Erik Gudbranson 2, Jimmy Vesey 6) at 18:28 (SH)
10. OAKLAND GORILLAS , Nico Hischier 5 (Jonas Brodin 7) at 19:53 (Empty Net)

Penalties :
Patrik Laine (OAK) for Hooking (Minor) at 17:38

Goalie Stats

Robin Lehner (OAK), 41 saves from 45 shots - (0,911), W, 6-11-1, 60:00 minutes
Linus Ullmark (WIN), 4 saves from 5 shots - (0,800), L, 1-1-1, 18:51 minutes
Sergei Bobrovsky (WIN), 18 saves from 22 shots - (0,818), 40:32 minutes

Players Stats for OAKLAND GORILLAS

Player Name              G  A  P  +/- PIM S  H  SB GA TA FO     MP     PP MP  PK MP  
------------------------------------------------------------------------------------
Brandon Dubinsky         1  1  2   0  2   1  4  0  0  0  8/17   15:28   0:00   0:00 
Cedric Paquette          0  0  0   0  0   0  0  0  0  0  3/9     4:08   0:00   0:00 
Erik Gudbranson          0  1  1   4  0   0  6  1  0  0  0/0    19:53   0:00   6:10 
J.T. Compher             1  2  3   2  0   4  0  1  0  0  0/1    21:41   0:00   5:56 
Jakob Chychrun           0  0  0  -2  2   1  1  0  0  0  0/0    19:59   0:00   4:59 
Jimmy Vesey              1  1  2   1  0   2  3  0  0  0  5/15   21:25   0:00   5:56 
John Moore               0  0  0  -2  4   0  3  3  0  0  0/0    21:16   0:00   3:04 
Jonas Brodin             0  2  2   1  0   0  0  2  0  0  0/0    22:50   0:00   1:50 
Jordan Greenway          0  0  0   0  0   0  0  0  0  0  0/0     4:08   0:00   0:00 
Milan Lucic              1  0  1   2  0   2  3  0  0  0  0/0    15:59   0:00   4:09 
Nathan Beaulieu          0  0  0   1  0   0  4  1  0  0  0/0    18:09   0:00   0:00 
Nico Hischier            1  0  1   0  2   3  1  0  0  0  0/1    18:27   0:00   0:00 
Noel Acciari             0  2  2   2  0   2  0  0  0  0  6/16   11:50   0:00   0:00 
Patrik Laine             0  0  0   0  2   5  1  0  0  0  4/19   18:27   0:00   0:00 
Ryan Dzingel             0  0  0  -1  0   2  3  0  0  0  2/2    18:12   0:00   0:00 
Ryan Hartman             0  0  0   0  0   2  0  0  0  0  0/0     4:08   0:00   0:00 
Samuel Girard            0  2  2   4  0   1  0  2  0  0  0/0    17:50   0:00   4:07 
Wayne Simmonds           1  0  1   2  0   3  0  0  0  0  1/7    15:59   0:00   4:09 

Players Stats for WINNIPEG BEAVERS

Player Name              G  A  P  +/- PIM S  H  SB GA TA FO     MP     PP MP  PK MP  
------------------------------------------------------------------------------------
Brad Marchand            2  1  3   0  0   6  1  1  0  0  0/0    22:02   5:54   0:00 
Brandon Tanev            0  1  1  -1  0   3  0  0  0  0  0/0    11:14   0:00   0:00 
Cal O'Reilly             0  0  0   0  0   0  0  0  0  0  5/8     7:09   0:00   0:00 
Caleb Jones              0  0  0  -1  0   0  0  0  0  0  0/0    18:31   5:10   0:00 
David Backes             1  0  1  -1  0   2  0  0  0  0  0/0    11:14   0:00   0:00 
David Krejci             0  2  2   0  0   5  0  0  0  0  25/33  22:02   5:54   0:00 
Gustav Nyquist           0  1  1   2  0   8  2  1  0  0  0/0    20:03   4:11   0:00 
Ilya Kovalchuk           0  0  0  -2  0   2  1  0  0  0  1/2    19:35   4:11   0:00 
Justin Braun             1  0  1  -1  0   3  0  3  0  0  0/0    21:54   5:10   0:00 
Kris Russell             0  0  0  -2  0   2  1  1  0  0  0/0    22:01   4:55   0:00 
Matt Cullen              0  1  1  -1  0   1  0  0  0  0  10/18  11:14   0:00   0:00 
Mike Green               0  0  0  -2  0   1  1  2  0  0  0/0    24:24   4:55   0:00 
Nick Seeler              0  0  0   0  0   0  0  1  0  0  0/0    16:05   0:00   0:00 
Pontus Aberg             0  0  0   0  0   0  1  0  0  0  0/0     7:09   0:00   0:00 
Reyley Smith             0  1  1  -4  0   5  0  0  0  0  0/2    21:34   5:54   0:00 
Travis Zajac             0  0  0  -2  0   5  0  0  0  0  17/24  19:35   4:11   0:00 
Trevor Daley             0  1  1   0  0   1  0  1  0  0  0/0    17:05   0:00   0:00 
Troy Brouwer             0  0  0   0  0   1  1  0  0  0  0/0     7:09   0:00   0:00 

3 Stars

1 - J.T. Compher (OAK)
2 - Erik Gudbranson (OAK)
3 - Brad Marchand (WIN)

Power Play

OAKLAND GORILLAS - 0 on 0 Attempt(s) - 0,00%
WINNIPEG BEAVERS - 1 on 6 Attempt(s) - 16,67%

Penalty Kill

OAKLAND GORILLAS - 5 on 6 Attempt(s) - 83,33% - Score 1 goal in Penalty Kill
WINNIPEG BEAVERS - 0 on 0 Attempt(s) - 0,00% - Score 0 goal in Penalty Kill

Team Stat

OAKLAND GORILLAS - Hits : 29 - Faceoff Wins : 29 - Blocked Shots : 10 - Penalty Minutes : 12
WINNIPEG BEAVERS - Hits : 8 - Faceoff Wins : 58 - Blocked Shots : 10 - Penalty Minutes : 0

Official

Referees : Evgeny Romasko and Greg Kimmerly
Linesman : Chris Leavitt and Ray King

Game Notes

Linus Ullmark enters game at 0:32 of 3rd period
Nico Hischier has scored in a empty net!

Finance

Level 1 -- Attendance: 6000 (100,00%) -- Ticket Income 744 000 $
Level 2 -- Attendance: 5000 (100,00%) -- Ticket Income 435 000 $
Level 3 -- Attendance: 2000 (100,00%) -- Ticket Income 128 000 $
Level 4 -- Attendance: 4000 (100,00%) -- Ticket Income 172 000 $
Luxury Box -- Attendance: 1000 (100,00%) -- Ticket Income 255 000 $
Total Attendance: 18000 (100,00%)
Total Ticket Income: 1 734 000 $
Other Income: 520 200 $
Total Income: 2 254 200 $

OAKLAND GORILLAS

5 vs 5 Forward 
   Center                   Left Wing                Right Wing               Time % Phy DF OF 
 1 Patrik Laine             Nico Hischier            Ryan Dzingel             36     1   2  2  
 2 Brandon Dubinsky         Jimmy Vesey              J.T. Compher             31     1   2  2  
 3 Noel Acciari             Milan Lucic              Wayne Simmonds           23     1   2  2  
 4 Cedric Paquette          Jordan Greenway          Ryan Hartman             10     1   2  2  

5 vs 5 Defense 
   Defense                  Defense                                           Time % Phy DF OF 
 1 Nathan Beaulieu          Jonas Brodin                                      36     1   2  2  
 2 John Moore               Jakob Chychrun                                    31     1   2  2  
 3 Samuel Girard            Erik Gudbranson                                   23     1   2  2  
 4 Jonas Brodin             John Moore                                        10     1   2  2  

PowerPlay Forward 
   Center                   Left Wing                Right Wing               Time % Phy DF OF 
 1 Wayne Simmonds           J.T. Compher             Milan Lucic              55     1   2  2  
 2 Brandon Dubinsky         Cedric Paquette          Jimmy Vesey              45     1   2  2  

PowerPlay Defense
   Defense                  Defense                                           Time % Phy DF OF 
 1 Erik Gudbranson          Samuel Girard                                     55     1   2  2  
 2 John Moore               Jakob Chychrun                                    45     1   2  2  

Penalty Kill 4 Players Forward 
   Center                   Wing                     Time % Phy DF OF 
 1 Jimmy Vesey              J.T. Compher             55     1   2  2  
 2 Wayne Simmonds           Milan Lucic              45     1   2  2  

Penalty Kill 4 Players Defense
   Defense                  Defense                  Time % Phy DF OF 
 1 Samuel Girard            Erik Gudbranson          55     1   2  2  
 2 John Moore               Jakob Chychrun           45     1   2  2  

Penalty Kill - 3 Players Forward 
   Forward                                           Time % Phy DF OF 
 1 Jimmy Vesey                                       55     1   2  2  
 2 J.T. Compher                                      45     1   2  2  

Penalty Kill - 3 Players Defense
   Defense                  Defense                  Time % Phy DF OF 
 1 Samuel Girard            Erik Gudbranson          55     1   2  2  
 2 John Moore               Jakob Chychrun           45     1   2  2  

4 vs 4 Forward 
   Center                   Wing                     Time % Phy DF OF 
 1 Milan Lucic              J.T. Compher             55     1   2  2  
 2 Nico Hischier            Jimmy Vesey              45     1   2  2  

4 vs 4 Defense
   Defense                  Defense                  Time % Phy DF OF 
 1 Jonas Brodin             Samuel Girard            55     1   2  2  
 2 John Moore               Jakob Chychrun           45     1   2  2  

Last Minutes Offensive
   Center                   Left Wing                Right Wing               Defense                  Defense                  
   Patrik Laine             J.T. Compher             Nico Hischier            Nathan Beaulieu          Jonas Brodin             

Last Minutes Defensive
   Center                   Left Wing                Right Wing               Defense                  Defense                  
   Patrik Laine             J.T. Compher             Nico Hischier            Nathan Beaulieu          Jonas Brodin             

Goaltenders
Starting : Robin Lehner             
Backup : Louis Domingue           

Extra Forwards
Normal : Wayne Simmonds, Milan Lucic, Cedric Paquette - PP : Wayne Simmonds, Milan Lucic - PK : Cedric Paquette
Extra Defensemen
Normal : Samuel Girard, Erik Gudbranson, John Moore - PP : Samuel Girard - PK : Erik Gudbranson, John Moore
Penalty Shots
Cedric Paquette, J.T. Compher, Wayne Simmonds, Milan Lucic, Jimmy Vesey
Custom OT Lines Forwards
Patrik Laine, J.T. Compher, Nico Hischier, Ryan Dzingel, Jimmy Vesey, Wayne Simmonds, Milan Lucic, Brandon Dubinsky, Cedric Paquette, Jordan Greenway
Custom OT Lines Defensemen
Jonas Brodin, Erik Gudbranson, John Moore, Jakob Chychrun, Samuel Girard

Scratches
Jeremy Gregoire (Healthy), Emerson Etem (Healthy), P.K. Subban (Bruised Left Leg Injury), Zach O'Brien (Healthy), Evan Cormier (Healthy)

WINNIPEG BEAVERS

5 vs 5 Forward 
   Center                   Left Wing                Right Wing               Time % Phy DF OF 
 1 David Krejci             Brad Marchand            Gustav Nyquist           34     0   3  2  
 2 Travis Zajac             Ilya Kovalchuk           Reyley Smith             32     0   3  2  
 3 Matt Cullen              Brandon Tanev            David Backes             25     1   3  1  
 4 Cal O'Reilly             Troy Brouwer             Pontus Aberg             9      1   3  1  

5 vs 5 Defense 
   Defense                  Defense                                           Time % Phy DF OF 
 1 Mike Green               Kris Russell                                      33     0   3  2  
 2 Justin Braun             Trevor Daley                                      31     1   3  1  
 3 Caleb Jones              Nick Seeler                                       27     1   3  1  
 4 Mike Green               Nick Seeler                                       9      1   4  0  

PowerPlay Forward 
   Center                   Left Wing                Right Wing               Time % Phy DF OF 
 1 David Krejci             Brad Marchand            Reyley Smith             52     0   1  4  
 2 Travis Zajac             Ilya Kovalchuk           Gustav Nyquist           48     0   1  4  

PowerPlay Defense
   Defense                  Defense                                           Time % Phy DF OF 
 1 Mike Green               Kris Russell                                      51     0   1  4  
 2 Justin Braun             Caleb Jones                                       49     0   2  3  

Penalty Kill 4 Players Forward 
   Center                   Wing                     Time % Phy DF OF 
 1 Travis Zajac             Brandon Tanev            52     1   3  1  
 2 David Backes             Matt Cullen              48     0   5  0  

Penalty Kill 4 Players Defense
   Defense                  Defense                  Time % Phy DF OF 
 1 Trevor Daley             Kris Russell             50     1   4  0  
 2 Justin Braun             Nick Seeler              50     1   4  0  

Penalty Kill - 3 Players Forward 
   Forward                                           Time % Phy DF OF 
 1 Travis Zajac                                      55     1   2  2  
 2 David Backes                                      45     1   2  2  

Penalty Kill - 3 Players Defense
   Defense                  Defense                  Time % Phy DF OF 
 1 Mike Green               Kris Russell             55     1   2  2  
 2 Justin Braun             Trevor Daley             45     1   2  2  

4 vs 4 Forward 
   Center                   Wing                     Time % Phy DF OF 
 1 David Krejci             Brad Marchand            51     1   2  2  
 2 Ilya Kovalchuk           Reyley Smith             49     1   2  2  

4 vs 4 Defense
   Defense                  Defense                  Time % Phy DF OF 
 1 Mike Green               Kris Russell             51     1   2  2  
 2 Justin Braun             Trevor Daley             49     1   2  2  

Last Minutes Offensive
   Center                   Left Wing                Right Wing               Defense                  Defense                  
   David Krejci             Brad Marchand            Reyley Smith             Mike Green               Kris Russell             

Last Minutes Defensive
   Center                   Left Wing                Right Wing               Defense                  Defense                  
   Travis Zajac             Brad Marchand            Reyley Smith             Mike Green               Kris Russell             

Goaltenders
Starting : Sergei Bobrovsky         
Backup : Linus Ullmark            

Extra Forwards
Normal : Ilya Kovalchuk, Brad Marchand, David Krejci - PP : Travis Zajac, Ilya Kovalchuk - PK : Troy Brouwer
Extra Defensemen
Normal : Caleb Jones, Nick Seeler, Justin Braun - PP : Caleb Jones - PK : Nick Seeler, Justin Braun
Penalty Shots
Brad Marchand, David Krejci, Travis Zajac, Reyley Smith, Ilya Kovalchuk
Custom OT Lines Forwards
Brad Marchand, David Krejci, Brandon Tanev, Reyley Smith, Travis Zajac, Gustav Nyquist, Ilya Kovalchuk, David Backes, Troy Brouwer, Matt Cullen
Custom OT Lines Defensemen
Mike Green, Kris Russell, Justin Braun, Trevor Daley, Caleb Jones

Scratches
Dominik Shine (Healthy), Griffin Reinhart (Healthy), Liam O'Brien (Healthy), Kale Kessy (Healthy), Olivier Archambault (Healthy)
Mika Zibanejad (Bruised Right Shoulder Injury)

% Time on Ice - OAKLAND GORILLAS

Lines # - Real PCT - Wanted PCT - Time Play
Normal Forward
1 - 37% - 36% - 18:12
2 - 31% - 31% - 15:29
3 - 24% - 23% - 11:50
4 - 8% - 10% - 4:08
Normal Defense
1 - 36% - 36% - 17:42
2 - 28% - 31% - 14:09
3 - 28% - 23% - 13:43
4 - 8% - 10% - 4:05
PP Forward
1 - 0% - 55%
2 - 0% - 45%
PP Defense
1 - 0% - 55%
2 - 0% - 45%
PK Forward
1 - 59% - 55% - 5:56
2 - 41% - 45% - 4:09
PK Defense
1 - 41% - 55% - 4:07
2 - 59% - 45% - 5:58
PK3 Forward
1 - 0% - 55%
2 - 0% - 45%
PK3 Defense
1 - 0% - 55%
2 - 0% - 45%
44 Forward
1 - 0% - 55%
2 - 0% - 45%
44 Defense
1 - 0% - 55%
2 - 0% - 45%
Last Minute Offensive  - 0:00
Last Minute Defensive  - 0:16
Total
Forward - 60:00
Defense - 60:00

% Time on Ice - WINNIPEG BEAVERS

Lines # - Real PCT - Wanted PCT - Time Play
Normal Forward
1 - 32% - 34% - 15:52
2 - 31% - 32% - 15:24
3 - 23% - 25% - 11:14
4 - 14% - 9% - 7:09
Normal Defense
1 - 34% - 33% - 16:50
2 - 34% - 31% - 16:44
3 - 23% - 27% - 11:12
4 - 10% - 9% - 4:53
PP Forward
1 - 59% - 52% - 5:54
2 - 41% - 48% - 4:11
PP Defense
1 - 49% - 51% - 4:55
2 - 51% - 49% - 5:10
PK Forward
1 - 0% - 52%
2 - 0% - 48%
PK Defense
1 - 0% - 50%
2 - 0% - 50%
PK3 Forward
1 - 0% - 55%
2 - 0% - 45%
PK3 Defense
1 - 0% - 55%
2 - 0% - 45%
44 Forward
1 - 0% - 51%
2 - 0% - 49%
44 Defense
1 - 0% - 51%
2 - 0% - 49%
Last Minute Offensive  - 0:16
Last Minute Defensive  - 0:00
Total
Forward - 60:00
Defense - 60:00

Play-by-Play

1st period


0:01 of 1st period - David Krejci wins face-off versus Patrik Laine in neutral zone.
2:05 of 1st period - Shot by Milan Lucic.
2:05 of 1st period - Stopped by Sergei Bobrovsky with a rebound.
2:07 of 1st period - Shot by Noel Acciari.
2:07 of 1st period - Stopped by Sergei Bobrovsky with a rebound.
2:11 of 1st period - Shot by Milan Lucic.
2:11 of 1st period - Goal by Milan Lucic - OAKLAND GORILLAS : 1 - WINNIPEG BEAVERS : 0.
2:12 of 1st period - Matt Cullen wins face-off versus Cedric Paquette in neutral zone.
2:22 of 1st period - Icing by Cedric Paquette.
2:23 of 1st period - Cal O'Reilly wins face-off versus Cedric Paquette in OAKLAND GORILLAS zone.
2:48 of 1st period - Icing by Caleb Jones.
2:49 of 1st period - Cal O'Reilly wins face-off versus Noel Acciari in WINNIPEG BEAVERS zone.
2:49 of 1st period - Cal O'Reilly is hit by Milan Lucic.
2:55 of 1st period - Shot by Troy Brouwer.
2:55 of 1st period - Shot Misses the Net.
3:03 of 1st period - Shot by Wayne Simmonds.
3:03 of 1st period - Stopped by Sergei Bobrovsky without a rebound.
3:04 of 1st period - Matt Cullen wins face-off versus Brandon Dubinsky in WINNIPEG BEAVERS zone.
3:04 of 1st period - Matt Cullen is hit by Jimmy Vesey.
3:36 of 1st period - Shot by Jimmy Vesey.
3:36 of 1st period - Stopped by Sergei Bobrovsky with a rebound.
3:38 of 1st period - Shot by J.T. Compher.
3:38 of 1st period - Stopped by Sergei Bobrovsky without a rebound.
3:39 of 1st period - David Krejci wins face-off versus Noel Acciari in WINNIPEG BEAVERS zone.
3:59 of 1st period - David Krejci is hit by Nathan Beaulieu and loses puck.
4:09 of 1st period - David Krejci is hit by Nathan Beaulieu and loses puck.
4:16 of 1st period - Shot by Gustav Nyquist.
4:16 of 1st period - Deflect By Brad Marchand.
4:16 of 1st period - Shot Misses the Net.
5:20 of 1st period - Shot by Nico Hischier.
5:20 of 1st period - Deflect By Patrik Laine.
5:20 of 1st period - Stopped by Sergei Bobrovsky without a rebound.
5:21 of 1st period - Matt Cullen wins face-off versus Brandon Dubinsky in WINNIPEG BEAVERS zone.
5:21 of 1st period - Matt Cullen is hit by Brandon Dubinsky.
5:24 of 1st period - Brandon Tanev is hit by Brandon Dubinsky and loses puck.
5:30 of 1st period - Minor Penalty to John Moore for Interference.
5:31 of 1st period - Jimmy Vesey wins face-off versus David Krejci in OAKLAND GORILLAS zone.
6:28 of 1st period - Mike Green is hit by Milan Lucic and loses puck.
7:50 of 1st period - Shot by David Backes.
7:50 of 1st period - Stopped by Robin Lehner without a rebound.
7:51 of 1st period - Cedric Paquette wins face-off versus Cal O'Reilly in OAKLAND GORILLAS zone.
7:59 of 1st period - Shot by Troy Brouwer.
7:59 of 1st period - Shot Blocked by John Moore.
8:01 of 1st period - Shot by Trevor Daley.
8:01 of 1st period - Stopped by Robin Lehner without a rebound.
8:02 of 1st period - Matt Cullen wins face-off versus Patrik Laine in OAKLAND GORILLAS zone.
8:07 of 1st period - Shot by David Backes.
8:07 of 1st period - Shot Misses the Net.
8:19 of 1st period - Shot by Matt Cullen.
8:19 of 1st period - Shot Misses the Net.
8:28 of 1st period - Shot by David Backes.
8:28 of 1st period - Deflect By Brandon Tanev.
8:28 of 1st period - Stopped by Robin Lehner without a rebound.
8:29 of 1st period - Brandon Dubinsky wins face-off versus David Krejci in OAKLAND GORILLAS zone.
8:54 of 1st period - Shot by Brad Marchand.
8:54 of 1st period - Shot Misses the Net.
8:56 of 1st period - Shot by Kris Russell.
8:56 of 1st period - Stopped by Robin Lehner without a rebound.
8:57 of 1st period - Ilya Kovalchuk wins face-off versus Patrik Laine in OAKLAND GORILLAS zone.
9:24 of 1st period - Shot by Reyley Smith.
9:24 of 1st period - Shot Misses the Net.
9:26 of 1st period - Shot by Reyley Smith.
9:26 of 1st period - Shot Blocked by John Moore.
9:30 of 1st period - Shot by Travis Zajac.
9:30 of 1st period - Stopped by Robin Lehner without a rebound.
9:31 of 1st period - David Krejci wins face-off versus Brandon Dubinsky in OAKLAND GORILLAS zone.
9:53 of 1st period - Shot by Jimmy Vesey.
9:53 of 1st period - Shot Blocked by Mike Green.
10:19 of 1st period - Brandon Dubinsky is hit by Kris Russell and loses puck.
10:27 of 1st period - Icing by Erik Gudbranson.
10:28 of 1st period - Brandon Dubinsky wins face-off versus Matt Cullen in OAKLAND GORILLAS zone.
10:43 of 1st period - Shot by Brandon Tanev.
10:43 of 1st period - Stopped by Robin Lehner without a rebound.
10:44 of 1st period - Patrik Laine wins face-off versus Travis Zajac in OAKLAND GORILLAS zone.
10:53 of 1st period - Shot by Patrik Laine.
10:53 of 1st period - Stopped by Sergei Bobrovsky without a rebound.
10:54 of 1st period - Matt Cullen wins face-off versus Patrik Laine in WINNIPEG BEAVERS zone.
10:54 of 1st period - Matt Cullen is hit by Ryan Dzingel.
10:59 of 1st period - Off-side.
11:00 of 1st period - Matt Cullen wins face-off versus Patrik Laine in neutral zone.
11:12 of 1st period - Shot by David Backes.
11:12 of 1st period - Goal by David Backes - OAKLAND GORILLAS : 1 - WINNIPEG BEAVERS : 1.
11:13 of 1st period - Travis Zajac wins face-off versus Noel Acciari in neutral zone.
11:24 of 1st period - Shot by Reyley Smith.
11:24 of 1st period - Shot Misses the Net.
11:30 of 1st period - Shot by Ilya Kovalchuk.
11:30 of 1st period - Stopped by Robin Lehner with a rebound.
11:34 of 1st period - Shot by Reyley Smith.
11:34 of 1st period - Shot Blocked by John Moore.
11:36 of 1st period - Shot by Kris Russell.
11:36 of 1st period - Shot Misses the Net.
11:38 of 1st period - Shot by Mike Green.
11:38 of 1st period - Shot Misses the Net.
11:51 of 1st period - Shot by Travis Zajac.
11:51 of 1st period - Shot Misses the Net.
12:25 of 1st period - Shot by David Krejci.
12:25 of 1st period - Stopped by Robin Lehner without a rebound.
12:26 of 1st period - Patrik Laine wins face-off versus Matt Cullen in OAKLAND GORILLAS zone.
12:35 of 1st period - Shot by Nico Hischier.
12:35 of 1st period - Stopped by Sergei Bobrovsky with a rebound.
12:59 of 1st period - Shot by Ryan Dzingel.
12:59 of 1st period - Shot Misses the Net.
13:16 of 1st period - Icing by Nico Hischier.
13:17 of 1st period - David Krejci wins face-off versus Patrik Laine in OAKLAND GORILLAS zone.
13:46 of 1st period - Off-side.
13:47 of 1st period - Travis Zajac wins face-off versus Brandon Dubinsky in neutral zone.
13:47 of 1st period - Travis Zajac is hit by Brandon Dubinsky.
13:48 of 1st period - Minor Penalty to Brandon Dubinsky for High sticking.
13:49 of 1st period - Travis Zajac wins face-off versus Jimmy Vesey in OAKLAND GORILLAS zone.
14:05 of 1st period - Shot by Gustav Nyquist.
14:05 of 1st period - Shot Misses the Net.
14:07 of 1st period - Shot by Gustav Nyquist.
14:07 of 1st period - Stopped by Robin Lehner without a rebound.
14:08 of 1st period - David Krejci wins face-off versus Jimmy Vesey in OAKLAND GORILLAS zone.
14:15 of 1st period - Shot by David Krejci.
14:15 of 1st period - Stopped by Robin Lehner with a rebound.
14:17 of 1st period - Shot by Justin Braun.
14:17 of 1st period - Stopped by Robin Lehner without a rebound.
14:18 of 1st period - David Krejci wins face-off versus Jimmy Vesey in OAKLAND GORILLAS zone.
15:39 of 1st period - Shot by Travis Zajac.
15:39 of 1st period - Deflect By Gustav Nyquist.
15:39 of 1st period - Stopped by Robin Lehner without a rebound.
15:40 of 1st period - Travis Zajac wins face-off versus Wayne Simmonds in OAKLAND GORILLAS zone.
15:41 of 1st period - Shot by Gustav Nyquist.
15:41 of 1st period - Deflect By Travis Zajac.
15:41 of 1st period - Stopped by Robin Lehner without a rebound.
15:42 of 1st period - Travis Zajac wins face-off versus Wayne Simmonds in OAKLAND GORILLAS zone.
16:06 of 1st period - Shot by Ryan Dzingel.
16:06 of 1st period - Stopped by Sergei Bobrovsky without a rebound.
16:07 of 1st period - David Krejci wins face-off versus Cedric Paquette in WINNIPEG BEAVERS zone.
16:13 of 1st period - Gustav Nyquist is hit by John Moore.
16:40 of 1st period - Shot by Gustav Nyquist.
16:40 of 1st period - Stopped by Robin Lehner without a rebound.
16:41 of 1st period - Travis Zajac wins face-off versus Brandon Dubinsky in OAKLAND GORILLAS zone.
17:28 of 1st period - Icing by Jonas Brodin.
17:29 of 1st period - Jimmy Vesey wins face-off versus David Krejci in OAKLAND GORILLAS zone.
17:35 of 1st period - Icing by Gustav Nyquist.
17:36 of 1st period - David Krejci wins face-off versus Patrik Laine in WINNIPEG BEAVERS zone.
17:36 of 1st period - Minor Penalty to Nico Hischier for Hooking.
17:37 of 1st period - David Krejci wins face-off versus Wayne Simmonds in OAKLAND GORILLAS zone.
17:42 of 1st period - Shot by Reyley Smith.
17:42 of 1st period - Shot Blocked by Samuel Girard.
17:44 of 1st period - Shot by Justin Braun.
17:44 of 1st period - Stopped by Robin Lehner with a rebound.
17:46 of 1st period - Shot by Justin Braun.
17:46 of 1st period - Goal by Justin Braun - OAKLAND GORILLAS : 1 - WINNIPEG BEAVERS : 2.
17:47 of 1st period - David Krejci wins face-off versus Patrik Laine in neutral zone.
17:52 of 1st period - Shot by Gustav Nyquist.
17:52 of 1st period - Stopped by Robin Lehner with a rebound.
18:13 of 1st period - Shot by David Krejci.
18:13 of 1st period - Shot Misses the Net.
18:15 of 1st period - Shot by Gustav Nyquist.
18:15 of 1st period - Shot Misses the Net.
18:23 of 1st period - Shot by David Krejci.
18:23 of 1st period - Shot Misses the Net.
18:25 of 1st period - Shot by David Krejci.
18:25 of 1st period - Stopped by Robin Lehner without a rebound.
18:26 of 1st period - Brandon Dubinsky wins face-off versus Travis Zajac in OAKLAND GORILLAS zone.
18:39 of 1st period - Shot by Jimmy Vesey.
18:39 of 1st period - Shot Misses the Net.
18:41 of 1st period - Shot by J.T. Compher.
18:41 of 1st period - Shot Blocked by Trevor Daley.
18:43 of 1st period - Shot by Samuel Girard.
18:43 of 1st period - Stopped by Sergei Bobrovsky with a rebound.
18:45 of 1st period - Shot by Brandon Dubinsky.
18:45 of 1st period - Goal by Brandon Dubinsky - OAKLAND GORILLAS : 2 - WINNIPEG BEAVERS : 2.
18:46 of 1st period - Noel Acciari wins face-off versus Matt Cullen in neutral zone.
18:53 of 1st period - Shot by Wayne Simmonds.
18:53 of 1st period - Goal by Wayne Simmonds - OAKLAND GORILLAS : 3 - WINNIPEG BEAVERS : 2.
18:54 of 1st period - Travis Zajac wins face-off versus Noel Acciari in neutral zone.
19:27 of 1st period - Reyley Smith is hit by John Moore and loses puck.
19:40 of 1st period - Shot by Travis Zajac.
19:40 of 1st period - Shot Blocked by Jonas Brodin.
19:41 of 1st period - Minor Penalty to John Moore for Interference.
19:42 of 1st period - David Krejci wins face-off versus Jimmy Vesey in OAKLAND GORILLAS zone.
19:59 of 1st period - Shot by Reyley Smith.
19:59 of 1st period - Shot Blocked by J.T. Compher.
Goals for this period are 3 for OAKLAND GORILLAS vs 2 for WINNIPEG BEAVERS.
Shots for this period are 13 for OAKLAND GORILLAS vs 19 for WINNIPEG BEAVERS.

2nd period


0:01 of 2nd period - Travis Zajac wins face-off versus Jimmy Vesey in neutral zone.
0:10 of 2nd period - Shot by Travis Zajac.
0:10 of 2nd period - Stopped by Robin Lehner without a rebound.
0:11 of 2nd period - David Krejci wins face-off versus Jimmy Vesey in OAKLAND GORILLAS zone.
0:14 of 2nd period - Shot by Reyley Smith.
0:14 of 2nd period - Shot Blocked by Samuel Girard.
1:13 of 2nd period - Shot by Travis Zajac.
1:13 of 2nd period - Stopped by Robin Lehner with a rebound.
1:15 of 2nd period - Shot by Gustav Nyquist.
1:15 of 2nd period - Shot Misses the Net.
1:17 of 2nd period - Shot by Kris Russell.
1:17 of 2nd period - Stopped by Robin Lehner with a rebound.
1:42 of 2nd period - Shot by Gustav Nyquist.
1:42 of 2nd period - Stopped by Robin Lehner without a rebound.
1:43 of 2nd period - Brandon Dubinsky wins face-off versus Matt Cullen in OAKLAND GORILLAS zone.
2:00 of 2nd period - Matt Cullen is hit by Brandon Dubinsky and loses puck.
3:01 of 2nd period - Shot by Pontus Aberg.
3:01 of 2nd period - Shot Misses the Net.
3:23 of 2nd period - Shot by Gustav Nyquist.
3:23 of 2nd period - Stopped by Robin Lehner with a rebound.
3:25 of 2nd period - Shot by Brad Marchand.
3:25 of 2nd period - Shot Misses the Net.
3:27 of 2nd period - Shot by Brad Marchand.
3:27 of 2nd period - Stopped by Robin Lehner without a rebound.
3:28 of 2nd period - Cedric Paquette wins face-off versus Travis Zajac in OAKLAND GORILLAS zone.
3:41 of 2nd period - Shot by Ryan Hartman.
3:41 of 2nd period - Shot Misses the Net.
3:54 of 2nd period - Icing by Kris Russell.
3:55 of 2nd period - Brandon Dubinsky wins face-off versus Travis Zajac in WINNIPEG BEAVERS zone.
4:00 of 2nd period - Shot by J.T. Compher.
4:00 of 2nd period - Stopped by Sergei Bobrovsky without a rebound.
4:01 of 2nd period - David Krejci wins face-off versus Jimmy Vesey in WINNIPEG BEAVERS zone.
5:15 of 2nd period - Shot by Matt Cullen.
5:15 of 2nd period - Stopped by Robin Lehner with a rebound.
5:17 of 2nd period - Shot by Brandon Tanev.
5:17 of 2nd period - Stopped by Robin Lehner without a rebound.
5:18 of 2nd period - Noel Acciari wins face-off versus Reyley Smith in OAKLAND GORILLAS zone.
5:18 of 2nd period - Noel Acciari is hit by Ilya Kovalchuk.
5:23 of 2nd period - Icing by Milan Lucic.
5:24 of 2nd period - Noel Acciari wins face-off versus Travis Zajac in OAKLAND GORILLAS zone.
5:36 of 2nd period - Shot by Reyley Smith.
5:36 of 2nd period - Stopped by Robin Lehner with a rebound.
5:39 of 2nd period - Reyley Smith is hit by Jakob Chychrun and loses puck.
5:57 of 2nd period - Minor Penalty to Jakob Chychrun for Tripping.
5:58 of 2nd period - David Krejci wins face-off versus Jimmy Vesey in OAKLAND GORILLAS zone.
6:32 of 2nd period - Icing by David Krejci.
6:33 of 2nd period - David Krejci wins face-off versus Jimmy Vesey in WINNIPEG BEAVERS zone.
7:10 of 2nd period - Icing by Brad Marchand.
7:11 of 2nd period - David Krejci wins face-off versus Jimmy Vesey in WINNIPEG BEAVERS zone.
9:00 of 2nd period - Ryan Hartman is hit by Pontus Aberg and loses puck.
9:14 of 2nd period - Shot by Ryan Hartman.
9:14 of 2nd period - Shot Misses the Net.
9:16 of 2nd period - Shot by Jordan Greenway.
9:16 of 2nd period - Shot Blocked by Justin Braun.
9:46 of 2nd period - Shot by J.T. Compher.
9:46 of 2nd period - Stopped by Sergei Bobrovsky without a rebound.
9:47 of 2nd period - Wayne Simmonds wins face-off versus David Krejci in WINNIPEG BEAVERS zone.
9:51 of 2nd period - Icing by Brad Marchand.
9:52 of 2nd period - Patrik Laine wins face-off versus David Krejci in WINNIPEG BEAVERS zone.
10:07 of 2nd period - Shot by Gustav Nyquist.
10:07 of 2nd period - Deflect By Brad Marchand.
10:07 of 2nd period - Stopped by Robin Lehner without a rebound.
10:08 of 2nd period - Jimmy Vesey wins face-off versus Travis Zajac in OAKLAND GORILLAS zone.
10:51 of 2nd period - Shot by Reyley Smith.
10:51 of 2nd period - Stopped by Robin Lehner without a rebound.
10:52 of 2nd period - David Krejci wins face-off versus Nico Hischier in OAKLAND GORILLAS zone.
12:00 of 2nd period - Justin Braun is hit by Erik Gudbranson and loses puck.
12:16 of 2nd period - Icing by Wayne Simmonds.
12:17 of 2nd period - Travis Zajac wins face-off versus Noel Acciari in OAKLAND GORILLAS zone.
13:02 of 2nd period - Shot by Reyley Smith.
13:02 of 2nd period - Stopped by Robin Lehner with a rebound.
13:38 of 2nd period - Shot by J.T. Compher.
13:38 of 2nd period - Shot Blocked by Brad Marchand.
13:42 of 2nd period - Shot by Brandon Dubinsky.
13:42 of 2nd period - Shot Blocked by Justin Braun.
13:44 of 2nd period - Shot by J.T. Compher.
13:44 of 2nd period - Shot Blocked by Gustav Nyquist.
14:27 of 2nd period - Shot by Patrik Laine.
14:27 of 2nd period - Stopped by Sergei Bobrovsky with a rebound.
14:29 of 2nd period - Shot by John Moore.
14:29 of 2nd period - Shot Misses the Net.
14:31 of 2nd period - Shot by Nico Hischier.
14:31 of 2nd period - Shot Blocked by Nick Seeler.
14:33 of 2nd period - Shot by Jakob Chychrun.
14:33 of 2nd period - Stopped by Sergei Bobrovsky without a rebound.
14:34 of 2nd period - Cal O'Reilly wins face-off versus Cedric Paquette in WINNIPEG BEAVERS zone.
14:41 of 2nd period - John Moore is hit by Troy Brouwer and loses puck.
14:56 of 2nd period - Shot by Ryan Hartman.
14:56 of 2nd period - Shot Misses the Net.
15:06 of 2nd period - Shot by Ryan Hartman.
15:06 of 2nd period - Stopped by Sergei Bobrovsky without a rebound.
15:07 of 2nd period - Matt Cullen wins face-off versus Patrik Laine in WINNIPEG BEAVERS zone.
15:34 of 2nd period - Shot by Matt Cullen.
15:34 of 2nd period - Shot Blocked by Jonas Brodin.
15:36 of 2nd period - Shot by Caleb Jones.
15:36 of 2nd period - Shot Misses the Net.
16:18 of 2nd period - Shot by Travis Zajac.
16:18 of 2nd period - Deflect By Ilya Kovalchuk.
16:18 of 2nd period - Stopped by Robin Lehner without a rebound.
16:19 of 2nd period - Noel Acciari wins face-off versus David Krejci in OAKLAND GORILLAS zone.
16:19 of 2nd period - Noel Acciari is hit by Brad Marchand.
16:50 of 2nd period - Shot by David Krejci.
16:50 of 2nd period - Stopped by Robin Lehner without a rebound.
16:51 of 2nd period - Brandon Dubinsky wins face-off versus Travis Zajac in OAKLAND GORILLAS zone.
17:33 of 2nd period - Travis Zajac is hit by Erik Gudbranson and loses puck.
17:59 of 2nd period - Shot by Nico Hischier.
17:59 of 2nd period - Stopped by Sergei Bobrovsky without a rebound.
18:00 of 2nd period - David Krejci wins face-off versus Noel Acciari in WINNIPEG BEAVERS zone.
18:07 of 2nd period - Shot by David Krejci.
18:07 of 2nd period - Shot Blocked by Nathan Beaulieu.
18:13 of 2nd period - Shot by Milan Lucic.
18:13 of 2nd period - Shot Misses the Net.
18:29 of 2nd period - Shot by Noel Acciari.
18:29 of 2nd period - Stopped by Sergei Bobrovsky without a rebound.
18:30 of 2nd period - Ryan Dzingel wins face-off versus Matt Cullen in WINNIPEG BEAVERS zone.
19:06 of 2nd period - Off-side.
19:07 of 2nd period - David Krejci wins face-off versus Brandon Dubinsky in neutral zone.
Goals for this period are 0 for OAKLAND GORILLAS vs 0 for WINNIPEG BEAVERS.
Shots for this period are 7 for OAKLAND GORILLAS vs 14 for WINNIPEG BEAVERS.

3rd period


0:01 of 3rd period - David Krejci wins face-off versus Patrik Laine in neutral zone.
0:24 of 3rd period - Shot by Ryan Dzingel.
0:24 of 3rd period - Stopped by Sergei Bobrovsky without a rebound.
0:25 of 3rd period - Brandon Dubinsky wins face-off versus Matt Cullen in WINNIPEG BEAVERS zone.
0:32 of 3rd period - Shot by Jimmy Vesey.
0:32 of 3rd period - Goal by Jimmy Vesey - OAKLAND GORILLAS : 4 - WINNIPEG BEAVERS : 2.
0:32 of 3rd period - Linus Ullmark enters game.
0:33 of 3rd period - Travis Zajac wins face-off versus Noel Acciari in neutral zone.
0:36 of 3rd period - Shot by Reyley Smith.
0:36 of 3rd period - Stopped by Robin Lehner without a rebound.
0:37 of 3rd period - Matt Cullen wins face-off versus Patrik Laine in OAKLAND GORILLAS zone.
0:37 of 3rd period - Brandon Tanev is hit by Nathan Beaulieu and loses puck.
0:41 of 3rd period - Brandon Tanev is hit by Nathan Beaulieu and loses puck.
1:09 of 3rd period - Shot by Patrik Laine.
1:09 of 3rd period - Shot Blocked by Mike Green.
2:28 of 3rd period - Shot by David Krejci.
2:28 of 3rd period - Shot Misses the Net.
2:30 of 3rd period - Shot by Brad Marchand.
2:30 of 3rd period - Goal by Brad Marchand - OAKLAND GORILLAS : 4 - WINNIPEG BEAVERS : 3.
2:31 of 3rd period - David Krejci wins face-off versus Noel Acciari in neutral zone.
2:33 of 3rd period - Brad Marchand is hit by Erik Gudbranson and loses puck.
2:41 of 3rd period - Brad Marchand is hit by Erik Gudbranson and loses puck.
2:54 of 3rd period - Shot by Brad Marchand.
2:54 of 3rd period - Stopped by Robin Lehner with a rebound.
2:56 of 3rd period - Shot by David Krejci.
2:56 of 3rd period - Stopped by Robin Lehner without a rebound.
2:57 of 3rd period - Patrik Laine wins face-off versus Cal O'Reilly in OAKLAND GORILLAS zone.
3:02 of 3rd period - Mike Green is hit by Nico Hischier and loses puck.
3:25 of 3rd period - Shot by Pontus Aberg.
3:25 of 3rd period - Shot Misses the Net.
3:27 of 3rd period - Shot by Pontus Aberg.
3:27 of 3rd period - Shot Hit the Post.
3:39 of 3rd period - Shot by Patrik Laine.
3:39 of 3rd period - Stopped by Linus Ullmark without a rebound.
3:40 of 3rd period - David Krejci wins face-off versus Noel Acciari in WINNIPEG BEAVERS zone.
3:40 of 3rd period - David Krejci is hit by Milan Lucic.
4:13 of 3rd period - Shot by Wayne Simmonds.
4:13 of 3rd period - Stopped by Linus Ullmark without a rebound.
4:14 of 3rd period - Travis Zajac wins face-off versus Brandon Dubinsky in WINNIPEG BEAVERS zone.
5:07 of 3rd period - Icing by Justin Braun.
5:08 of 3rd period - Travis Zajac wins face-off versus Patrik Laine in WINNIPEG BEAVERS zone.
5:31 of 3rd period - Shot by Patrik Laine.
5:31 of 3rd period - Stopped by Linus Ullmark without a rebound.
5:32 of 3rd period - Noel Acciari wins face-off versus Matt Cullen in WINNIPEG BEAVERS zone.
5:42 of 3rd period - Wayne Simmonds is hit by Mike Green and loses puck.
6:39 of 3rd period - Shot by David Krejci.
6:39 of 3rd period - Shot Misses the Net.
6:56 of 3rd period - Shot by David Krejci.
6:56 of 3rd period - Shot Misses the Net.
6:58 of 3rd period - Shot by Gustav Nyquist.
6:58 of 3rd period - Stopped by Robin Lehner without a rebound.
6:59 of 3rd period - Travis Zajac wins face-off versus Brandon Dubinsky in OAKLAND GORILLAS zone.
7:13 of 3rd period - Reyley Smith is hit by John Moore and loses puck.
8:06 of 3rd period - Shot by Brad Marchand.
8:06 of 3rd period - Stopped by Robin Lehner without a rebound.
8:07 of 3rd period - Cal O'Reilly wins face-off versus Patrik Laine in OAKLAND GORILLAS zone.
8:29 of 3rd period - Kris Russell is hit by Ryan Dzingel and loses puck.
8:42 of 3rd period - Shot by Troy Brouwer.
8:42 of 3rd period - Stopped by Robin Lehner without a rebound.
8:43 of 3rd period - David Krejci wins face-off versus Wayne Simmonds in OAKLAND GORILLAS zone.
8:44 of 3rd period - Shot by Brad Marchand.
8:44 of 3rd period - Deflect By David Krejci.
8:44 of 3rd period - Shot Misses the Net.
8:52 of 3rd period - Shot by David Krejci.
8:52 of 3rd period - Shot Misses the Net.
8:54 of 3rd period - Shot by Gustav Nyquist.
8:54 of 3rd period - Stopped by Robin Lehner without a rebound.
8:55 of 3rd period - Matt Cullen wins face-off versus Cedric Paquette in OAKLAND GORILLAS zone.
9:07 of 3rd period - Icing by Ryan Hartman.
9:08 of 3rd period - David Krejci wins face-off versus Cedric Paquette in OAKLAND GORILLAS zone.
9:18 of 3rd period - Shot by Cedric Paquette.
9:18 of 3rd period - Deflect By Ryan Hartman.
9:18 of 3rd period - Stopped by Linus Ullmark without a rebound.
9:19 of 3rd period - Travis Zajac wins face-off versus Patrik Laine in WINNIPEG BEAVERS zone.
9:19 of 3rd period - Travis Zajac is hit by Ryan Dzingel.
9:49 of 3rd period - Reyley Smith is hit by Patrik Laine and loses puck.
10:28 of 3rd period - Icing by Jonas Brodin.
10:29 of 3rd period - Ryan Dzingel wins face-off versus David Krejci in OAKLAND GORILLAS zone.
12:15 of 3rd period - Icing by Troy Brouwer.
12:16 of 3rd period - Cedric Paquette wins face-off versus Cal O'Reilly in WINNIPEG BEAVERS zone.
13:18 of 3rd period - Shot by Patrik Laine.
13:18 of 3rd period - Shot Blocked by Kris Russell.
13:48 of 3rd period - Icing by Caleb Jones.
13:49 of 3rd period - Cal O'Reilly wins face-off versus Brandon Dubinsky in WINNIPEG BEAVERS zone.
14:44 of 3rd period - Wayne Simmonds is hit by Gustav Nyquist.
14:45 of 3rd period - Icing by Wayne Simmonds.
14:46 of 3rd period - Matt Cullen wins face-off versus Noel Acciari in OAKLAND GORILLAS zone.
15:02 of 3rd period - Shot by Brandon Tanev.
15:02 of 3rd period - Shot Blocked by Erik Gudbranson.
15:13 of 3rd period - Matt Cullen is hit by Erik Gudbranson.
16:00 of 3rd period - Travis Zajac is hit by Erik Gudbranson.
16:02 of 3rd period - Shot by Reyley Smith.
16:02 of 3rd period - Stopped by Robin Lehner without a rebound.
16:03 of 3rd period - Brandon Dubinsky wins face-off versus David Krejci in OAKLAND GORILLAS zone.
16:17 of 3rd period - J.T. Compher is hit by Gustav Nyquist and loses puck.
16:42 of 3rd period - Shot by David Krejci.
16:42 of 3rd period - Shot Misses the Net.
16:44 of 3rd period - Shot by Gustav Nyquist.
16:44 of 3rd period - Deflect By Brad Marchand.
16:44 of 3rd period - Goal by Brad Marchand - OAKLAND GORILLAS : 4 - WINNIPEG BEAVERS : 4.
16:45 of 3rd period - Travis Zajac wins face-off versus Patrik Laine in neutral zone.
17:09 of 3rd period - Shot by Patrik Laine.
17:09 of 3rd period - Shot Misses the Net.
17:11 of 3rd period - Shot by Patrik Laine.
17:11 of 3rd period - Shot Misses the Net.
17:13 of 3rd period - Shot by Jonas Brodin.
17:13 of 3rd period - Shot Misses the Net.
17:25 of 3rd period - Shot by Nico Hischier.
17:25 of 3rd period - Shot Misses the Net.
17:38 of 3rd period - Minor Penalty to Patrik Laine for Hooking.
17:39 of 3rd period - Jimmy Vesey wins face-off versus Reyley Smith in OAKLAND GORILLAS zone.
17:56 of 3rd period - Shot by Reyley Smith.
17:56 of 3rd period - Shot Misses the Net.
18:24 of 3rd period - Shot by Jimmy Vesey.
18:24 of 3rd period - Shot Misses the Net.
18:26 of 3rd period - Shot by Erik Gudbranson.
18:26 of 3rd period - Shot Blocked by Justin Braun.
18:28 of 3rd period - Shot by J.T. Compher.
18:28 of 3rd period - Goal by J.T. Compher - OAKLAND GORILLAS : 5 - WINNIPEG BEAVERS : 4.
18:29 of 3rd period - Travis Zajac wins face-off versus Wayne Simmonds in neutral zone.
18:42 of 3rd period - Shot by Gustav Nyquist.
18:42 of 3rd period - Deflect By Ilya Kovalchuk.
18:42 of 3rd period - Shot Misses the Net.
18:44 of 3rd period - Shot by Mike Green.
18:44 of 3rd period - Stopped by Robin Lehner without a rebound.
18:45 of 3rd period - Jimmy Vesey wins face-off versus Ilya Kovalchuk in OAKLAND GORILLAS zone.
18:51 of 3rd period - Icing by Mike Green.
18:52 of 3rd period - Travis Zajac wins face-off versus J.T. Compher in WINNIPEG BEAVERS zone.
18:52 of 3rd period - Travis Zajac is hit by Jimmy Vesey.
19:05 of 3rd period - Travis Zajac is hit by Jimmy Vesey and loses puck.
19:16 of 3rd period - WINNIPEG BEAVERS, Linus Ullmark is pulled from the net.
19:30 of 3rd period - Shot by Travis Zajac.
19:30 of 3rd period - Stopped by Robin Lehner without a rebound.
19:31 of 3rd period - David Krejci wins face-off versus Wayne Simmonds in OAKLAND GORILLAS zone.
19:32 of 3rd period - Shot by Reyley Smith.
19:32 of 3rd period - Shot Hit the Post.
19:34 of 3rd period - Shot by Reyley Smith.
19:34 of 3rd period - Shot Misses the Net.
19:53 of 3rd period - Shot by Nico Hischier.
19:53 of 3rd period - Goal by Nico Hischier - OAKLAND GORILLAS : 6 - WINNIPEG BEAVERS : 4.
19:53 of 3rd period - Linus Ullmark from WINNIPEG BEAVERS was sent back in the game.
19:54 of 3rd period - Noel Acciari wins face-off versus Matt Cullen in neutral zone.
Goals for this period are 3 for OAKLAND GORILLAS vs 2 for WINNIPEG BEAVERS.
Shots for this period are 8 for OAKLAND GORILLAS vs 12 for WINNIPEG BEAVERS.


RYAN
NUGENT-HOPKINS
THATCHER
DEMKO
MITCHELL
MARNER

EAST COAST

HOCKEY LEAGUE

  • 13.MAN3PIT5
  • 14.NHW2ATL3
  • 15.PET5WOR4
  • 16.RHI30
  • 17.QUECHI
  • 18.CHALIM
  • 19.TRVLON
  • 20.CHWBAL